Map: Bel'Shir Vestige LE (Void)

Players

duy - Winner!

  • Race: Protoss Protoss
  • League: Silver
  • Spawn Location: 5:00

Juxtapose

  • Race: Zerg Zerg
  • Spawn Location: 11:00

VOD

https://youtu.be/chp_8qeK15k

Description

Back at launch, I used to play Starcraft, and then its expansion "Brood War," online a lot; Starcraft actually holds the honour of being the first video game I ever played via an online service.

That was in 1998, and now, almost twenty years later, I decided to pop online and play a 1v1 for the first time in StarCraft II: Legacy of the Void.

I'm playing Unranked, and I had a good bit of fun and nostalgia with this match. Zerg was always my favourite Species, even though I play Random, so it was fitting I got to play as them first.

The style of the games though are quite different. Starcraft: Brood War's Ladder was heavily rush-based, whereas StarCraft II: Legacy of the Void seems more about resources/harassment and map control.

Time

  • Played on: Feb. 25, 2017, 4:57 p.m.
  • Length: 10:54
Show
View Real Time Build Order
Export as new Build Order

duy Protoss - Winner!

Build Orders: Oracle Opening 

Get SALT Encoding   

  12  0:01  Probe (Chrono Boost)  
  13  0:13  Probe (Chrono Boost)  
  14  0:19  Pylon  
  14  0:23  Probe (Chrono Boost)  
  15  0:37  Probe (Chrono Boost)  
  15  0:38  Gateway  
  16  0:48  Probe (Chrono Boost)  
  17  0:52  Assimilator  
  17  1:03  Probe (Chrono Boost)  
  18  1:14  Probe (Chrono Boost)  
  19  1:27  Cybernetics Core  
  19  1:31  Assimilator  
  20  1:32  Probe (Chrono Boost)  
  20  1:40  Pylon  
  20  1:43  Probe (Chrono Boost)  
  21  1:54  Probe (Chrono Boost)  
  22  2:00  Nexus  
  22  2:05  Mothership Core (Chrono Boost)  
  22  2:07  Warp Gate  
  24  2:24  Pylon, Probe (Chrono Boost)  
  25  2:34  Probe (Chrono Boost)  
  26  2:41  Stargate  
  26  2:45  Probe (Chrono Boost)  
  27  2:53  Gateway  
  27  2:57  Probe (Chrono Boost)  
  28  3:04  Pylon  
  28  3:11  Probe (Chrono Boost)  
  29  3:22  Gateway  
  29  3:23  Oracle, Probe (Chrono Boost)  
  33  3:36  Stalker  
  35  3:43  Stalker  
  37  3:51  Probe (Chrono Boost)  
  38  3:56  Oracle  
  38  4:01  Probe (Chrono Boost)  
  42  4:12  Probe (Chrono Boost)  
  43  4:19  Probe (Chrono Boost)  
  43  4:22  Probe (Chrono Boost)  
  45  4:27  Robotics Facility  
  46  4:31  Probe (Chrono Boost)  
  46  4:34  Adept x2  
  46  4:35  Adept  
  52  4:43  Probe (Chrono Boost)  
  52  4:44  Assimilator  
  53  4:46  Probe (Chrono Boost)  
  54  4:53  Pylon  
  54  4:56  Probe (Chrono Boost)  
  53  5:47  Immortal  
  53  5:48  Adept x3  
  63  5:58  Gateway  
  63  5:59  Gateway  
  63  6:05  Twilight Council  
  63  6:07  Forge  
  63  6:16  Robotics Facility  
  63  6:21  Pylon  
  63  6:23  Pylon  
  63  6:25  Pylon  
  63  6:31  Stalker x3  
  69  6:48  Immortal  
  73  6:59  Assimilator  
  73  7:01  Probe (Chrono Boost)  
  74  7:05  Probe (Chrono Boost)  
  74  7:08  Immortal  
  79  7:09  Pylon  
  79  7:11  Pylon, Probe (Chrono Boost)  
  81  7:17  Adept x2, Probe (Chrono Boost)  
  81  7:18  Adept x2  
  81  7:19  Adept  
  81  7:22  Probe (Chrono Boost)  
  92  7:29  Probe (Chrono Boost)  
  93  7:31  Pylon  
  93  7:34  Pylon  
  93  8:16  Adept x3, Immortal  
  93  8:17  Adept x2  
  103  8:21  Immortal  
  103  8:26  Pylon  
  111  8:28  Pylon  
  111  8:30  Protoss Ground Weapons Level 1  
  111  8:57  Stalker x2  
  111  8:58  Stalker x2  
  111  9:01  Immortal  
  103  9:40  Immortal  
  107  9:50  Stalker  
  107  9:51  Stalker x2  
  107  9:52  Stalker  
  115  10:20  Stalker x2  
  115  10:21  Stalker x2  
Show
View Real Time Build Order
Export as new Build Order

Juxtapose Zerg 

Build Orders: Pool First 

Get SALT Encoding   

  12  0:01  Drone  
  13  0:14  Drone  
  14  0:18  Overlord  
  14  0:37  Drone x3  
  17  0:48  Overlord  
  17  1:01  Spawning Pool  
  16  1:04  Drone  
  17  1:13  Drone  
  18  1:27  Drone  
  18  1:32  Extractor  
  18  1:33  Drone  
  19  1:42  Drone  
  20  1:48  Queen  
  22  1:57  Drone  
  23  2:04  Overlord  
  23  2:11  Extractor  
  23  2:15  Drone  
  23  2:29  Hatchery, Drone  
  23  2:41  Drone  
  24  2:56  Zergling x2  
  24  2:57  Zergling x4  
  27  3:14  Zergling x6  
  30  3:25  Overlord  
  30  3:32  Roach Warren  
  29  3:40  Drone x2  
  31  3:52  Drone x2  
  33  3:57  Lair  
  33  4:08  Zergling x12  
  39  4:18  Drone  
  39  4:19  Drone  
  41  4:41  Evolution Chamber  
  41  4:43  Roach x3  
  41  5:15  Roach x3  
  41  5:20  Drone x2  
  41  5:21  Drone  
  48  5:34  Drone  
  39  5:37  Queen  
  39  5:39  Queen  
  35  5:48  Drone x3  
  38  5:53  Spine Crawler  
  38  5:55  Spine Crawler  
  36  5:59  Drone x2  
  36  6:04  Spine Crawler  
  37  6:10  Spore Crawler  
  37  6:12  Queen  
  37  6:17  Spore Crawler  
  38  6:21  Drone x3  
  41  6:32  Drone  
  42  6:35  Drone x3  
  45  6:47  Drone  
  46  7:02  Drone x2  
  46  7:03  Drone x2  
  46  7:04  Drone  
  46  7:05  Overlord  
  46  7:06  Overlord  
  51  7:15  Extractor  
  50  7:25  Hydralisk Den  
  49  7:30  Metabolic Boost  
  49  7:31  Glial Reconstitution  
  49  7:34  Zerg Ground Armor Level 1  
  49  7:44  Burrow  
  35  8:11  Hydralisk x6  
  45  8:27  Hydralisk x4  
  53  8:34  Drone x2  
  53  8:40  Drone x2  
  6  9:50  Zergling x8  
  6  9:51  Zergling x4  
  11  10:25  Drone x5  
Tags
 
Add a new tag
Caveats
  • Supply blocks, unpowered buildings, or Contaminate may cause inaccurate times.
  • Supply counts are checked every 10 seconds.